 Dungeon Crawl Stone Soup version 0.29.0-5-ge4962eb29e (console) character file.

Game seed: 5066130536676929093

2097 odiv the Merchant of Misery (level 9, 0/57 HPs)
             Began as a Demonspawn Wanderer on Aug 29, 2022.
             Was a Believer of Kikubaaqudgha.
             Succumbed to a hornet's poison
             ... on level 7 of the Dungeon.
             The game lasted 00:27:11 (8144 turns).

odiv the Merchant of Misery (Demonspawn Wanderer)   Turns: 8144, Time: 00:27:12

Health: 0/57       AC: 14    Str: 13    XL:     9   Next: 7%
Magic:  2/15       EV: 13    Int: 18    God:    Kikubaaqudgha [**....]
Gold:   373        SH:  0    Dex: 12    Spells: 8/16 levels left

rFire   . . .      SeeInvis .   a - +0 trident (flame)
rCold   . . .      Faith    .   (no shield)
rNeg    . . .      Spirit   .   G - +1 robe {Will+}
rPois   .          Reflect  .   A - +2 hat
rElec   .          Harm     .   (no cloak)
rCorr   +          Rampage  .   e - +0 pair of gloves
Will    +....                   C - +1 pair of boots
Stlth   +.........              (no amulet)
HPRegen 0.19/turn               p - ring of resist corrosion
MPRegen 0.14/turn               (no ring)

@: mighty, lethally poisoned (0 -> -10), sanguine armoured, slowed, very slow
A: hooves 1, demonic guardian 1, powered by pain 1, sanguine armour 1
a: Renounce Religion, Unearth Wretches


You were on level 7 of the Dungeon.
You worshipped Kikubaaqudgha.
Kikubaaqudgha was pleased with you.
You visited 1 branch of the dungeon, and saw 7 of its levels.

You collected 373 gold pieces.

Inventory:

Hand Weapons
 a - a +0 trident of flaming (weapon)
 b - a +0 sling
 d - a +0 glaive
 m - a +2 mace
 w - a +0 spear
Missiles
 h - 61 stones
 v - 7 poisoned darts (quivered)
Armour
 e - a +0 pair of gloves (worn)
 o - +0 acid dragon scales
 y - a +0 ring mail of cold resistance
 A - a +2 hat (worn)
 C - a +1 pair of boots (worn)
 G - a +1 robe of willpower (worn)
Jewellery
 p - a ring of resist corrosion (left hand)
Wands
 k - a wand of polymorph (11)
 r - a wand of mindburst (32)
 D - a wand of light (9)
 H - a wand of paralysis (2)
Scrolls
 c - a scroll of butterflies
 f - a scroll of enchant armour {unknown}
 g - a scroll of acquirement {unknown}
 j - a scroll of vulnerability {unknown}
 q - a scroll of poison
 u - a scroll of amnesia
 B - a scroll of enchant weapon {unknown}
 F - a scroll of magic mapping {unknown}
 I - a scroll of silence {unknown}
 K - a scroll of teleportation {unknown}
Potions
 i - a potion of flight {unknown}
 l - 2 potions of might
 s - a potion of ambrosia {unknown}
 x - a potion of lignification {unknown}
 z - a potion of haste {unknown}
 E - a potion of resistance {unknown}
 J - a potion of brilliance {unknown}


   Skills:
 - Level 4.5 Maces & Flails
 - Level 1.0 Armour
 - Level 3.7 Dodging
 - Level 4.0 Spellcasting
 - Level 5.0 Hexes
 + Level 9.7 Necromancy
 - Level 2.0 Evocations


You had 8 spell levels left.
You knew the following spells:

 Your Spells              Type           Power      Damage    Failure   Level
a - Necrotise             Necr           100%       1d9       1%          1
b - Vampiric Draining     Necr           38%        2d8       1%          3
c - Anguish               Hex/Necr       15%        N/A       7%          4

Your spell library contained the following spells:

 Spells                   Type           Power      Damage    Failure   Level
 Sublimation of Blood     Necr           38%        N/A       1%          2
 Ignite Poison            Fire/Tmut/Pois 3%         N/A       41%         3
 Mephitic Cloud           Conj/Pois/Air  3%         N/A       41%         3
 Freezing Cloud           Conj/Ice/Air   1%         6-21      99%         5


Dungeon Overview and Level Annotations

Branches:
Dungeon (7/15)             Temple (0/1) D:6

Altars:
Gozag
Kikubaaqudgha
Makhleb
Qazlal
Ru
Trog
Uskayaw

Shops:
D:3 [


Innate Abilities, Weirdness & Mutations

You have large cloven feet.
A weak demonic guardian rushes to your aid.
You sometimes gain a little power by taking damage.
When seriously injured, your blood forms armour. (AC +6)


Message History

The shadow imp laughs crazily.
The shadow imp hits you.
* * * LOW HITPOINT WARNING * * *
A demonic guardian appears!
The hornet stings you but does no damage.
You can move again.
Okay, then.
* * * LOW HITPOINT WARNING * * *
You feel very sick. The shadow imp misses your quasit. The hornet stings you.
* * * LOW HITPOINT WARNING * * *
You feel as though you will be slow longer.
Your quasit barely misses the hornet.
Your quasit misses the hornet.
Your quasit barely misses the hornet.
You feel better.
The hornet stings you but does no damage.
The shadow imp hits your quasit.
Your quasit bites the hornet but does no damage.
Your quasit misses the hornet.
Your quasit closely misses the hornet.
The hornet stings you.
* * * LOW HITPOINT WARNING * * *
You feel as though you will be slow longer.
The shadow imp misses your quasit.
Your quasit bites the hornet but does no damage.
Your quasit misses the hornet.
Your quasit claws the hornet but does no damage.
Your quasit bites the hornet but does no damage.
Your quasit barely misses the hornet. x2; The hornet stings you.
* * * LOW HITPOINT WARNING * * *
You are lethally poisoned!
You feel as though you will be slow longer.
Your quasit closely misses the hornet. x2; Your quasit claws the hornet.
Unknown command.
Unknown command.
Aiming: Paralyse
Press: ? - help, Shift-Dir - straight line, f/p - hornet
Aim: a hornet (moderately wounded, ally target, chance to affect: 46%)
The hornet suddenly stops moving!
You die...
Kikubaaqudgha rasps: "You have failed me!
Welcome... death!"

.........#............#
.........#............+
.........#............#
..#.....##............#
..#####............)).#
#... #.#..........<..#
.... . #.)...........#
##..###5).............
#....@y5)).(..........
#+#+####............##
####..........
#..........#
#..........# .......
.....


You could see a hornet (paralysed, ally target), a shadow imp and a friendly
quasit (summoned).

Vanquished Creatures
  Maggie (D:6)
  Grinder (D:5)
  Eustachio (D:4)
  An ice beast (D:6)
  2 ogres (D:5)
  A centaur (D:6)
  2 kobold brigands
  Blork the orc (D:6)
  A gnoll sergeant (D:6)
  A necrophage (D:6)
  A howler monkey (D:6)
  A quasit (D:5)
  A jelly (D:6)
  2 hounds
  An orc priest (D:4)
  3 iguanas
  5 orc wizards
  2 gnolls (D:6)
  5 adders
  A shadow imp (D:6)
  A white imp (D:5)
  An ufetubus (D:4)
  A dart slug (D:1)
  13 orcs
  4 bats
  9 endoplasms
  10 giant cockroaches
  7 goblins
  8 hobgoblins
  9 jackals
  8 kobolds
  4 quokkas (D:3)
  9 ball pythons
  3 frilled lizards
  A goblin skeleton (D:5)
  2 kobold zombies (D:5)
  An orc skeleton (D:5)
  An orc zombie (D:5)
  6 rats
132 creatures vanquished.

Vanquished Creatures (collateral kills)
  An ogre (D:6)
  An endoplasm (D:4)
  A giant cockroach (D:3)
  A jackal (D:4)
  3 kobolds
7 creatures vanquished.

Vanquished Creatures (others)
  An orc warrior (D:6)
  2 gnolls (D:6)
  A kobold (D:7)
4 creatures vanquished.

Grand Total: 143 creatures vanquished

Notes
Turn   | Place    | Note
-------+----------+-------------------------------------------
     0 | D:1      | odiv the Demonspawn Wanderer began the quest for the Orb.
     0 | D:1      | odiv set off with the following items: a +2 mace, a wand of
                  | polymorph (4), a scroll of butterflies, a +0 leather
                  | armour; and the following spell memorised: Necrotise; and
                  | the following spells available to memorise: Vampiric
                  | Draining.
     0 | D:1      | Reached XP level 1. HP: 13/13 MP: 2/2
   139 | D:1      | Reached skill level 2 in Necromancy
   148 | D:1      | Gained mutation: You have large cloven feet. [demonic
                  | ancestry]
   148 | D:1      | Reached XP level 2. HP: 14/19 MP: 0/3
   530 | D:1      | Reached skill level 3 in Necromancy
   988 | D:1      | Gained mutation: A weak demonic guardian rushes to your
                  | aid. [demonic ancestry]
   988 | D:1      | Reached XP level 3. HP: 24/24 MP: 2/4
  1725 | D:2      | Found a bloodstained altar of Trog.
  1752 | D:2      | Learned a level 3 spell: Vampiric Draining
  1994 | D:2      | Reached skill level 4 in Necromancy
  2291 | D:3      | Found Vocoufuek's Antique Armour Shoppe.
  2334 | D:3      | Found an ancient bone altar of Kikubaaqudgha.
  2341 | D:3      | Became a worshipper of Kikubaaqudgha
  2440 | D:3      | Reached XP level 4. HP: 30/30 MP: 3/5
  3182 | D:3      | Found a stormy altar of Qazlal.
  3919 | D:5      | Entered Level 5 of the Dungeon
  4137 | D:4      | Reached skill level 5 in Necromancy
  4305 | D:4      | Reached skill level 1 in Dodging
  4305 | D:4      | Gained mutation: When seriously injured, your blood forms
                  | armour. (AC +6) [demonic ancestry]
  4305 | D:4      | Reached XP level 5. HP: 35/35 MP: 1/6
  4401 | D:4      | Reached * piety under Kikubaaqudgha
  4401 | D:4      | Received a gift from Kikubaaqudgha
  4989 | D:4      | Noticed Eustachio
  5004 | D:4      | Killed Eustachio
  5005 | D:4      | Reached skill level 6 in Necromancy
  5005 | D:4      | Reached XP level 6. HP: 25/41 MP: 0/7
  5237 | D:4      | Found a sacrificial altar of Ru.
  5345 | D:5      | Found a burning altar of Makhleb.
  5999 | D:5      | Gained mutation: You sometimes gain a little power by
                  | taking damage. [demonic ancestry]
  5999 | D:5      | Reached XP level 7. HP: 38/46 MP: 0/10
  6468 | D:5      | Learned a level 4 spell: Anguish
  6482 | D:6      | Noticed Blork the orc
  6484 | D:6      | Noticed Grinder
  6597 | D:6      | Reached skill level 1 in Hexes
  6652 | D:6      | Found a staircase to the Ecumenical Temple.
  6657 | D:6      | Noticed Maggie
  6701 | D:7      | Noticed a hornet
  6777 | D:6      | Killed Blork the orc
  6809 | D:6      | Reached ** piety under Kikubaaqudgha
  6854 | D:6      | Found a hide-covered altar of Uskayaw.
  6938 | D:6      | Reached XP level 8. HP: 46/52 MP: 4/11
  7003 | D:6      | Reached skill level 5 in Hexes
  7302 | D:6      | Killed Maggie
  7303 | D:6      | Reached skill level 7 in Necromancy
  7383 | D:6      | Reached skill level 8 in Necromancy
  7427 | D:5      | Killed Grinder
  7601 | D:6      | Reached skill level 9 in Necromancy
  7776 | D:6      | Reached XP level 9. HP: 24/57 MP: 3/15
  8034 | D:6      | Found an opulent altar of Gozag.
  8130 | D:7      | Paralysed by a hornet for 2 turns
  8139 | D:7      | Paralysed by a hornet for 2 turns
  8144 | D:7      | Succumbed to a hornet's poison

Illustrated notes

Levels and vault maps discovered:
D:1:      amcnicky_arrival_gap_in_the_tavern_cellar, layout_basic,
          shapermc_ecumenical_altar_petra, minmay_worlds_worst_comb
D:2:      layout_basic, basic_altar
D:3:      layout_basic, nicolae_kikubaaqudgha_miasma_corner,
          mainiacjoe_overflow_surrounded_room, serial_shops,
          nicolae_shop_crystal
D:4:      layout_basic, nicolae_ru_the_path_less_chosen,
          minmay_misc_feat_four_crosses, uniq_eustachio
D:5:      layout_gridville, nicolae_tso_besieged_by_evil,
          mainiacjoe_overflow_tiny_flanked
D:6:      layout_rooms, marbit_many_paths, grunt_gozag_breadcrumbs,
          minmay_temple_entry_hall, uniq_blork_the_orc, uniq_grinder,
          uniq_maggie
D:7:      layout_basic, mainiacjoe_overflow_alcove_2, minmay_misc_feat_rugged,
          lightli_corner_chamber

Skill      XL: |  1  2  3  4  5  6  7  8 |
---------------+-------------------------+-----
Necromancy     | 2 3 4 5 6 9 |  9.7
Dodging        | 1 2 3 |  3.7
Spellcasting   | 2 4 |  4.0
Hexes          | 4 5 |  5.0
Maces & Flails | |  4.5
Armour         | |  1.0
Evocations     | |  2.0

Action                   |  1- 3 |  4- 6 |  7- 9 || total
-------------------------+-------+-------+-------++-------
Melee: Mace              |    51 |    71 |    97 ||   219
       Kick              |     4 |     1 |       ||     5
       Punch             |       |       |     2 ||     2
       Trident           |       |       |     9 ||     9
 Fire: Sling             |    12 |    26 |    10 ||    48
Throw: Stone             |       |     2 |     3 ||     5
       Dart              |       |       |     5 ||     5
 Cast: Necrotise         |    42 |    83 |    55 ||   180
       Vampiric Draining |       |     1 |    11 ||    12
       Anguish           |       |       |     7 ||     7
Evoke: Wand              |       |     2 |    11 ||    13
  Use: Scroll            |       |     3 |     5 ||     8
       Potion            |       |       |     6 ||     6
 Stab: Paralysed         |       |       |     3 ||     3
Armor: Leather armour    |    38 |    73 |    23 ||   134
       Robe              |       |       |    34 ||    34
Dodge: Dodged            |    26 |    98 |    98 ||   222
